 Dungeon Crawl Stone Soup version 0.29-a0-553-g81b289dbe5 (webtiles) character file.

Game seed: 6981421891008122346

6608 brmiller01 the Fighter (level 10, -1/165 HPs)
             Began as a Troll Berserker on June 6, 2022.
             Was a High Priest of Trog.
             Slain by a yak (6 damage)
             ... on level 8 of the Dungeon.
             The game lasted 00:14:23 (6813 turns).

brmiller01 the Fighter (Troll Berserker)            Turns: 6813, Time: 00:14:24

Health: -1/165     AC: 10    Str: 31    XL:     10   Next: 71%
Magic:  9/9        EV: 10    Int:  3    God:    Trog [*****.]
Gold:   449        SH:  0    Dex: 11    Spells: 9/9 levels left

rFire   + . .      SeeInvis .     - Unarmed
rCold   . . .      Faith    .   (no shield)
rNeg    . . .      Spirit   .   G - +0 steam dragon scales
rPois   .          Reflect  .   l - +0 hat
rElec   +          Harm     .   o - +0 cloak "Berphom" {rElec Dex+2}
rCorr   .          Rampage  .   (gloves unavailable)
Will    .....                   (boots unavailable)
Stlth   ..........              (no amulet)
HPRegen 1.17/turn               f - ring of flight
MPRegen 0.11/turn               n - ring of protection from fire

@: berserking, flying, very quick
A: large, unfitting armour, claws 3, regeneration 1, shaggy fur 1, tough skin 1
a: Renounce Religion, Berserk, Trog's Hand, Brothers in Arms


You were on level 8 of the Dungeon.
You worshipped Trog.
Trog was extremely pleased with you.
You visited 2 branches of the dungeon, and saw 9 of its levels.
You also visited: Sewer.

You collected 449 gold pieces.

Inventory:

Missiles
 c - 391 stones (quivered)
 m - 5 boomerangs
 F - 17 poisoned darts
Armour
 l - a +0 hat (worn)
 o - the +0 cloak "Berphom" (worn) {rElec Dex+2}
   (You found it on level 4 of the Dungeon)

   Dex:       It affects your dexterity (+2).
   rElec:     It insulates you from electricity.
 G - +0 steam dragon scales (worn)
Jewellery
 f - a ring of flight (left claw)
 n - a ring of protection from fire (right claw)
 x - a ring of ice
Wands
 j - a wand of paralysis (10)
 y - a wand of charming (5)
 D - a wand of flame (8)
Scrolls
 a - a scroll of amnesia {unknown}
 h - 7 scrolls of teleportation {unknown}
 i - 8 scrolls of identify {unknown}
 k - 5 scrolls of vulnerability {unknown}
 p - 2 scrolls of fog {unknown}
 q - 3 scrolls of enchant armour {unknown}
 s - a scroll of acquirement {unknown}
 v - a scroll of magic mapping {unknown}
 w - a scroll of brand weapon {unknown}
 E - a scroll of silence {unknown}
 H - a scroll of enchant weapon {unknown}
Potions
 b - 3 potions of might {unknown}
 d - 2 potions of attraction {unknown}
 e - 2 potions of curing {unknown}
 g - 2 potions of mutation {unknown}
 r - 2 potions of haste
 t - 2 potions of cancellation {unknown}
 u - 2 potions of magic {unknown}
 z - a potion of degeneration {unknown}
 A - a potion of flight {unknown}
 B - 2 potions of ambrosia {unknown}
 C - 4 potions of heal wounds {unknown}


   Skills:
 * Level 9.9 Fighting
 * Level 7.4 Armour
 - Level 2.4 Dodging
 + Level 8.5 Unarmed Combat


You had 9 spell levels left.
You didn't know any spells.
Your spell library was empty.

Dungeon Overview and Level Annotations

Branches:
Dungeon (8/15)             Temple (1/1) D:6            Lair (0/6) D:8
  Sewer (visited)

Altars:
Ashenzari
Cheibriados
Dithmenos
Elyvilon
Fedhas
Gozag
Hepliaklqana
Kikubaaqudgha
Nemelex Xobeh
Okawaru
Qazlal
Ru
Sif Muna
Trog
Vehumet
Wu Jian
Xom
Yredelemnul
Zin


Innate Abilities, Weirdness & Mutations

You are too large for most types of armour.
You have claws for hands.
Your natural rate of healing is unusually fast.
You are covered in fur. (AC +1)
You have tough skin. (AC +1)


Message History

The orc hits you from afar with a +0 glaive!
* * * LOW HITPOINT WARNING * * *
A red film seems to cover your vision as you go berserk!
You feel yourself moving faster!
You feel mighty! The yak gores you but does no damage.
The orc hits you from afar with a +0 glaive.
* * * LOW HITPOINT WARNING * * *
You barely miss the yak. You barely miss the yak.
The yak gores you but does no damage. The orc barely misses you.
You claw the yak!
The yak is heavily wounded.
You scratch the yak but do no damage.
The yak is heavily wounded.
The yak gores you but does no damage.
The orc hits you from afar with a +0 glaive!
* * * LOW HITPOINT WARNING * * *
You mangle the yak!!
You kill the yak!
Trog accepts your kill. The yak gores you but does no damage.
The orc hits you with a +0 mace.
* * * LOW HITPOINT WARNING * * *
The orc hits you but does no damage.
Things that are here:
a yak corpse; a yak corpse You closely miss the orc.
You claw the orc.
The orc is heavily wounded.
The yak gores you!
* * * LOW HITPOINT WARNING * * *
The orc hits you but does no damage. x2
You closely miss the orc.
The orc is heavily wounded.
You mangle the orc!!
You kill the orc!
Trog accepts your kill. The yak gores you but does no damage.
The orc barely misses you.
You claw the yak!
The yak is moderately wounded.
You closely miss the orc. The yak gores you.
You die...

#....# #.......#.# #(..$#
#.......#.# ## #....#
#.......#.. ...
#....####.......#.. ....
#....+..........#.. .....
#....###........#..
###...##!...###........#..
..'....ooY)......###+###'.
#.#..YY)#@#####..# #....
#...#Y#.# #..... #....
#.......#.# ##.#####....
#..o##..#.# #.. #.P.. ....
#..#.. #.# #...P ...
#..### .. #..P. .. #..#
#.# #.... #..PP #..P.


You could see a yak, an orc priest and an orc.

Vanquished Creatures
  A two-headed ogre (D:8)
  The ghost of bchevrier the Covered, a novice MiFi of Ru (D:6)
  Prince Ribbit (D:7)
  13 yaks (D:8)
  A wyvern (D:6)
  2 steam dragons
  4 water moccasins
  2 ice beasts
  4 black bears
  An ogre (D:5)
  An orc warrior (D:6)
  2 kobold brigands
  4 bullfrogs
  A necrophage (D:8)
  2 scorpions
  8 killer bees (D:7)
  A howler monkey (D:5)
  5 hounds
  4 jellies
  6 orc priests
  2 gnoll shamans
  3 iguanas
  5 orc wizards
  7 gnolls
  16 adders
  7 river rats (Sewer)
  A shadow imp (D:5)
  3 worms
  A dart slug (D:3)
  33 orcs
  16 ball pythons
  7 endoplasms
  2 giant cockroaches (D:4)
  6 goblins
  4 hobgoblins
  4 jackals (D:4)
  12 kobolds
  4 quokkas
  5 bats
  7 frilled lizards
  27 rats
236 creatures vanquished.

Vanquished Creatures (others)
  A kobold (D:7)
  22 fungi (D:8)
  21 plants (D:8)
44 creatures vanquished.

Grand Total: 280 creatures vanquished

Notes
Turn   | Place    | Note
-------+----------+-------------------------------------------
     0 | D:1      | brmiller01 the Troll Berserker began the quest for the Orb.
     0 | D:1      | Reached XP level 1. HP: 22/22 MP: 0/0
   197 | D:1      | Reached XP level 2. HP: 29/29 MP: 1/1
   263 | D:1      | Reached skill level 3 in Fighting
   555 | D:2      | Reached ** piety under Trog
   595 | D:2      | Reached XP level 3. HP: 32/37 MP: 2/2
  1654 | D:3      | Reached XP level 4. HP: 44/46 MP: 3/3
  1842 | D:3      | Reached skill level 4 in Fighting
  1862 | D:3      | Found a shadowy altar of Dithmenos.
  2337 | D:4      | Reached XP level 5. HP: 53/54 MP: 4/4
  2364 | D:4      | Identified the +0 cloak "Berphom" {rElec Dex+2}
  2462 | D:4      | Found a glowing drain.
  2473 | Sewer    | Entered a sewer
  2518 | Sewer    | Reached XP level 6. HP: 44/65 MP: 5/5
  2525 | Sewer    | Reached *** piety under Trog
  2613 | Sewer    | Reached skill level 5 in Fighting
  2812 | Sewer    | Reached skill level 5 in Unarmed Combat
  2823 | Sewer    | Reached XP level 7. HP: 51/74 MP: 6/6
  2831 | Sewer    | Reached **** piety under Trog
  3024 | D:4      | Reached skill level 6 in Fighting
  3552 | D:5      | Entered Level 5 of the Dungeon
  3621 | D:5      | Reached skill level 1 in Armour
  3682 | D:5      | Reached XP level 8. HP: 84/84 MP: 7/7
  4133 | D:5      | Reached skill level 7 in Fighting
  4687 | D:6      | Found a staircase to the Ecumenical Temple.
  4758 | D:6      | Noticed bchevrier's ghost (novice MiFi)
  4771 | D:6      | Found a runed translucent door.
  4872 | D:6      | Killed bchevrier's ghost
  5060 | D:6      | Reached XP level 9. HP: 71/94 MP: 8/8
  5170 | Temple   | Entered the Ecumenical Temple
  5687 | D:7      | Reached ***** piety under Trog
  5733 | D:7      | Noticed Prince Ribbit
  5737 | D:7      | Killed Prince Ribbit
  5738 | D:7      | Reached skill level 8 in Fighting
  6018 | D:7      | Reached skill level 5 in Armour
  6553 | D:8      | Reached XP level 10. HP: 74/106 MP: 9/9
  6596 | D:8      | Reached skill level 9 in Fighting
  6620 | D:8      | Found a staircase to the Lair.
  6692 | D:8      | Noticed a two-headed ogre
  6723 | D:8      | Killed a two-headed ogre
  6809 | D:8      | HP: 3/165 [yak (7)]
  6813 | D:8      | Slain by a yak

Illustrated notes

Levels and vault maps discovered:
D:1:      roderic_octagonal_star, layout_rooms
D:2:      layout_basic, columned_hall_lemuel
D:3:      layout_loops_ring, grunt_dithmenos_smoke, minivault_14,
          nicolae_underground_beach
D:4:      layout_loops_ring, cheibrodos_sewer_entry_drain, minmay_fountain_box,
          kennysheep_small_circle
D:5:      layout_basic, nicolae_sextant
D:6:      layout_rooms, minmay_temple_entry_sparse_star,
          hellmonk_ghost_happy_afterlife, kennysheep_generic_room_11
D:7:      layout_loops_ring, uniq_prince_ribbit1
D:8:      layout_basic, mainiacjoe_overflow_surrounded_room,
          due_lair_maze_entry_diamond
Temple:   eino_narrow_crystal_temple

Skill      XL: |  1  2  3  4  5  6  7  8  9 10 |
---------------+-------------------------------+-----
Fighting       | 3 4 5 6 7 8 9 |  9.9
Unarmed Combat | 4 5 6 7 8 |  8.5
Armour         | 1 4 6 7 |  7.4
Dodging        | |  2.4

Action                   |  1- 3 |  4- 6 |  7- 9 | 10-12 || total
-------------------------+-------+-------+-------+-------++-------
Melee: Unarmed           |    93 |   193 |   313 |    88 ||   687
       Punch             |     2 |     5 |    12 |     3 ||    22
Invok: Berserk           |     1 |     5 |     4 |     2 ||    12
 Stab: Sleeping          |     1 |       |     1 |       ||     2
       Distracted        |       |     1 |       |       ||     1
Armor: Animal skin       |    35 |    81 |    63 |       ||   179
       Steam dragon scal |       |       |    14 |    27 ||    41
Dodge: Dodged            |    35 |   149 |   144 |    35 ||   363

Table legend: (Time is in decaauts)
 A = Elapsed time spent in this place.
 B = Non-inter-level travel time spent in this place.
 C = Inter-level travel time spent in this place.
 D = Time resting spent in this place.
 E = Time spent auto-exploring this place.
 F = Levels seen in this place.
 G = Mean time per level.
                   A        B        C        D        E       F      G
               +--------+--------+--------+--------+--------+-----+--------+
         Total |   6838 |   6524 |    314 |    636 |   4539 |  10 |  683.8 |
       Dungeon |   6130 |   5828 |    302 |    522 |   4186 |   8 |  766.2 |
        Temple |    223 |    211 |     12 |      0 |    200 |   1 |  223.0 |
         Sewer |    484 |    484 |      0 |    114 |    153 |   1 |  484.0 |
               +--------+--------+--------+--------+--------+-----+--------+

Top non-repeatable levels by time:
     D:2: 975 daAuts
     D:5: 960 daAuts
     D:6: 907 daAuts
     D:7: 825 daAuts
     D:3: 799 daAuts
     D:4: 796 daAuts
     D:1: 547 daAuts
   Sewer: 484 daAuts
     D:8: 317 daAuts
  Temple: 223 daAuts
